 Dungeon Crawl Stone Soup version 0.22.0-5-gf09313c (webtiles) character file.

70 letownia2 the Insei (level 4, -1/32 HPs)
             Began as a Demonspawn Transmuter on Aug 13, 2018.
             Slain by an adder (5 damage)
             ... on level 2 of the Dungeon.
             The game lasted 00:04:21 (676 turns).

letownia2 the Insei (Demonspawn Transmuter)          Turns: 676, Time: 00:04:22

Health: -1/32      AC:  3    Str: 12    XL:     4   Next: 4%
Magic:  4/7        EV: 12    Int: 14    God:
Gold:   75         SH:  0    Dex: 13    Spells: 1/7 levels left

rFire    + . .     SeeInvis .     - Unarmed
rCold    . . .     Gourm    .   (no shield)
rNeg     . . .     Faith    .   f - +0 leather armour
rPois    .         Spirit   .   (no helmet)
rElec    .         Reflect  .   (no cloak)
rCorr    .         Harm     .   (no gloves)
MR       .....                  (no boots)
Stlth    +.........             k - amulet of magic regeneration
HPRegen  0.10/turn              (no ring)
MPRegen  0.35/turn              (no ring)

@: lethally poisoned (-1 -> -10), very slightly contaminated
A: fire resistance 1
a: no special abilities


You were on level 2 of the Dungeon.
You were hungry.

You visited 1 branch of the dungeon, and saw 3 of its levels.

You collected 75 gold pieces.

Inventory:

Missiles
 a - 12 arrows
 g - 3 tomahawks (quivered)
Armour
 b - a +0 robe
 f - a +0 leather armour (worn)
 h - a +0 scale mail
Jewellery
 k - an amulet of magic regeneration (around neck)
Scrolls
 c - 3 scrolls of teleportation {unknown}
 e - 2 scrolls of identify {unknown}
 i - a scroll of fear {unknown}
 j - a scroll of remove curse {unknown}
Comestibles
 d - 3 rations


   Skills:
 - Level 1.0 Fighting
 - Level 1.7 Dodging
 + Level 4.5 Unarmed Combat
 - Level 2.0 Spellcasting
 - Level 1.7 Transmutations


You had one spell level left.
You knew the following spells:

 Your Spells              Type           Power        Failure   Level  Hunger
a - Beastly Appendage     Tmut           #.....       14%         1    ##.....
l - Sticks to Snakes      Tmut           #.......     22%         2    ###....
p - Spider Form           Tmut/Pois      #.........   54%         3    ####...

Your spell library contained the following spells:

 Spells                   Type           Power        Failure   Level  Hunger
 Blade Hands              Tmut           #.........   99%         5    ######.
 Ice Form                 Ice/Tmut       #.......     91%         4    #####..


Dungeon Overview and Level Annotations

Branches:
Dungeon (3/15)

Altars:
Okawaru


Innate Abilities, Weirdness & Mutations

Your flesh is heat resistant. (rF+)


Message History

You hit the adder but do no damage.
The adder is poisoned.
The adder is lightly wounded.
The adder misses you. The adder closely misses you.
You miss the adder.
The adder is moderately wounded.
The adder bites you.
* * * LOW HITPOINT WARNING * * *
You are lethally poisoned!
The adder poisons you!
Unknown command.
You hit the adder.
The adder looks as sick as possible!
The adder is heavily wounded.
Your transformation has ended.
Your +0 leather armour unmelds from your body.
* * * LOW HITPOINT WARNING * * *
You feel sick. The adder bites you.
* * * LOW HITPOINT WARNING * * *
* * * LOW HITPOINT WARNING * * *
You feel sick. The adder closely misses you. The adder bites you.
You die...

..S ............
#S#.............
#.###S#S##..........
#..............$.?..
#.# #.......... #.#
#..........
#.####..#.......
####S.....<........
#.@Sr..............
######.#...........
#.#.##.....)..
##########....
#.#.#.###.#..
###≈≈≈≈≈≈##.....
#†(......_#..#.#
#(#≈≈≈≈≈≈####...
#(#.#.#.##......


You could see 2 adders and a quokka.

Vanquished Creatures
  A gnoll (D:2)
  An adder (D:2)
  An ooze (D:2)
  2 worms (D:2)
  3 dart slugs (D:1)
  A leopard gecko (D:1)
  An orc (D:2)
  A ball python (D:1)
  4 bats
  4 goblins
  6 hobgoblins
  6 kobolds
  2 rats
33 creatures vanquished.

Notes
Turn   | Place    | Note
-------+----------+-------------------------------------------
     0 | D:1      | letownia2 the Demonspawn Transmuter began the quest for the Orb.
     0 | D:1      | Reached XP level 1. HP: 15/15 MP: 3/3
    75 | D:1      | Reached skill level 3 in Unarmed Combat
    90 | D:1      | Gained mutation: Your flesh is heat resistant. (rF+) [demonic ancestry]
    90 | D:1      | Reached XP level 2. HP: 21/21 MP: 3/5
   371 | D:2      | Reached XP level 3. HP: 17/26 MP: 4/6
   414 | D:2      | Reached skill level 4 in Unarmed Combat
   418 | D:2      | Learned a level 2 spell: Sticks to Snakes
   425 | D:2      | Learned a level 3 spell: Spider Form
   590 | D:2      | Reached XP level 4. HP: 7/32 MP: 2/7
   594 | D:2      | Found an iron altar of Okawaru.
   676 | D:2      | Slain by an adder

Skill      XL: |  1  2  3 |
---------------+----------+-----
Unarmed Combat | 3 4 |  4.5
Fighting       | |  1.0
Dodging        | |  1.7
Spellcasting   | |  2.0
Transmutations | |  1.7

Action                   |  1- 3 |  4- 6 || total
-------------------------+-------+-------++-------
Melee: Unarmed           |    80 |    11 ||    91
       Headbutt          |    11 |       ||    11
       Kick              |     5 |       ||     5
Throw: Tomahawk          |     2 |       ||     2
 Cast: Beastly Appendage |    14 |     1 ||    15
       Spider Form       |     4 |     1 ||     5
  Use: Potion            |       |     1 ||     1
Armor: Leather armour    |     7 |       ||     7
       Robe              |     4 |       ||     4
       Skin              |       |     2 ||     2
Dodge: Dodged            |    61 |    10 ||    71
